General information
- name: BNet
- type: Ladder team game (AT/RT)
- host: Battle.net
- saver: AQUAFLEX
map: GolemsInTheMist
- players: 8
- length: 19:38
- speed: Fast
- version: 1.24 W3XP
- replay type: Public
» download(224 KB)
Players
team 1 (winner)
AQUAFLEX (
yellow | 78 APM | 1524 actions | 19:38)
5 Tauren Chieftain
2 War Stomp
3 Endurance Aura
3 Shadow Hunter
2 Hex
1 Healing Wave
» actions
| Assign group hotkey | 17 | |
| Basic commands | 27 | |
| Build / train | 55 | |
| Enter build submenu | 18 | |
| Enter hero's abilities submenu | 8 | |
| Right click | 773 | |
| Select / deselect | 272 | |
| Select group hotkey | 304 | |
| Use ability | 50 | |
1524 total
» units
| Peon | 10 | |
| Grunt | 9 | |
| Tauren | 7 | |
| Troll Witch Doctor | 2 | |
28 total
» upgrades
| Berserker Strength | 1 | |
| Armor | 1 | |
| Melee Weapons | 2 | |
| Reinforced Defenses | 1 | |
| Pulverize | 1 | |
| Witch Doctor Training | 2 | |
| Pillage | 1 | |
9 total
» buildings
| Orc Burrow | 7 | |
| Barracks | 1 | |
| Altar of Storms | 1 | |
| Voodoo Lounge | 1 | |
| Stronghold | 3 | |
| War Mill | 1 | |
| Watch Tower | 2 | |
| Fortress | 1 | |
| Tauren Totem | 2 | |
| Spirit Lodge | 1 | |
20 total
» build order
00:11 Orc Burrow
00:16 Barracks
00:40 Altar of Storms
01:33 Orc Burrow
02:06 Voodoo Lounge
03:24 Stronghold
03:24 Stronghold
04:24 Orc Burrow
04:33 War Mill
05:51 Watch Tower
08:08 Fortress
08:21 Orc Burrow
08:22 Orc Burrow
08:40 Watch Tower
10:33 Tauren Totem
10:36 Tauren Totem
11:34 Spirit Lodge
13:06 Orc Burrow
13:06 Orc Burrow
» items
| Scroll of Town Portal | 1 | |
| Healing Salve | 1 | |
| Lesser Clarity Potion | 1 | |
3 total
costa_rica (
teal | 130 APM | 2550 actions | 19:37)
5 Archmage
3 Summon Water Elemental
2 Brilliance Aura
1 Mountain King
1 Storm Bolt
» actions
| Assign group hotkey | 73 | |
| Basic commands | 130 | |
| Build / train | 183 | |
| ESC pressed | 9 | |
| Enter build submenu | 27 | |
| Enter hero's abilities submenu | 6 | |
| Right click | 928 | |
| Select / deselect | 519 | |
| Select group hotkey | 530 | |
| Use ability | 144 | |
2550 total
» units
| Peasant | 32 | |
| Footman | 11 | |
| Rifleman | 70 | |
113 total
» upgrades
| Gunpowder | 3 | |
| Armor | 6 | |
| Swords | 1 | |
| Masonry | 2 | |
| Long Rifles | 1 | |
| Lumber Harvesting | 1 | |
14 total
» buildings
| Farm | 13 | |
| Altar of Kings | 1 | |
| Scout Tower | 5 | |
| Barracks | 2 | |
| Arcane Tower | 5 | |
| Blacksmith | 1 | |
| Arcane Vault | 3 | |
| Lumber Mill | 1 | |
| Town Hall | 1 | |
| Keep | 3 | |
| Workshop | 3 | |
| Castle | 3 | |
41 total
» build order
01:13 Farm
01:17 Altar of Kings
01:19 Scout Tower
01:30 Farm
01:38 Barracks
01:51 Barracks
01:59 Farm
02:01 Farm
02:02 Farm
02:03 Farm
02:18 Arcane Tower
02:19 Arcane Tower
02:19 Arcane Tower
02:40 Blacksmith
03:01 Farm
03:40 Farm
04:28 Arcane Vault
05:11 Farm
05:25 Arcane Vault
07:02 Lumber Mill
07:48 Town Hall
10:27 Arcane Vault
10:42 Farm
12:37 Scout Tower
12:38 Scout Tower
12:39 Keep
12:39 Keep
13:10 Scout Tower
13:11 Scout Tower
16:11 Farm
16:12 Farm
17:16 Farm
18:02 Workshop
18:04 Workshop
18:26 Workshop
18:59 Castle
18:59 Castle
19:00 Castle
» items
ErPf3000 (
orange | 111 APM | 2178 actions | 19:37)
5 Death Knight
3 Death Coil
2 Unholy Aura
4 Lich
2 Frost Nova
1 Dark Ritual
1 Frost Armor
2 Dreadlord
1 Sleep
1 Vampiric Aura
» actions
| Assign group hotkey | 28 | |
| Basic commands | 251 | |
| Build / train | 87 | |
| Enter build submenu | 14 | |
| Enter hero's abilities submenu | 11 | |
| Give item / drop item | 5 | |
| Right click | 504 | |
| Select / deselect | 741 | |
| Select group hotkey | 441 | |
| Use ability | 96 | |
2178 total
» units
| Acolyte | 3 | |
| Ghoul | 3 | |
| Crypt Fiend | 24 | |
| Frost Wyrm | 11 | |
41 total
» upgrades
» buildings
| Crypt | 1 | |
| Graveyard | 1 | |
| Altar of Darkness | 1 | |
| Ziggurat | 6 | |
| Tomb of Relics | 1 | |
| Nerubian Tower | 2 | |
| Halls of the Dead | 2 | |
| Black Citadel | 2 | |
| Sacrificial Pit | 1 | |
| Boneyard | 2 | |
19 total
» build order
00:23 Crypt
00:32 Graveyard
00:51 Altar of Darkness
01:12 Ziggurat
01:49 Tomb of Relics
02:12 Ziggurat
03:01 Nerubian Tower
03:01 Nerubian Tower
05:08 Halls of the Dead
05:09 Halls of the Dead
05:56 Ziggurat
07:30 Black Citadel
07:30 Black Citadel
10:48 Ziggurat
12:05 Sacrificial Pit
13:01 Boneyard
13:16 Boneyard
14:57 Ziggurat
16:22 Ziggurat
» items
| Rod of Necromancy | 2 | |
| Dust of Appearance | 1 | |
| Sacrificial Skull | 1 | |
| Potion of Healing | 1 | |
| Orb of Corruption | 6 | |
| Scroll of Town Portal | 1 | |
| Lesser Clarity Potion | 1 | |
13 total
MR_ASTON_MARTIN (
green | 97 APM | 1903 actions | 19:37)
6 Death Knight
3 Death Coil
3 Unholy Aura
3 Lich
2 Frost Nova
1 Frost Armor
2 Dreadlord
1 Sleep
1 Vampiric Aura
» actions
| Assign group hotkey | 44 | |
| Basic commands | 55 | |
| Build / train | 69 | |
| ESC pressed | 2 | |
| Enter build submenu | 15 | |
| Enter hero's abilities submenu | 11 | |
| Give item / drop item | 2 | |
| Right click | 741 | |
| Select / deselect | 182 | |
| Select group hotkey | 686 | |
| Use ability | 96 | |
1903 total
» units
| Acolyte | 7 | |
| Ghoul | 3 | |
| Crypt Fiend | 6 | |
| Obsidian Statue | 6 | |
22 total
» upgrades
| Creature Attack | 3 | |
| Creature Carapace | 3 | |
| Web | 1 | |
| Burrow | 1 | |
| Destroyer Form | 1 | |
9 total
» buildings
| Crypt | 1 | |
| Graveyard | 1 | |
| Altar of Darkness | 1 | |
| Ziggurat | 6 | |
| Tomb of Relics | 1 | |
| Halls of the Dead | 1 | |
| Slaughterhouse | 2 | |
| Black Citadel | 1 | |
14 total
» build order
00:08 Crypt
00:09 Graveyard
00:45 Altar of Darkness
01:00 Ziggurat
01:54 Tomb of Relics
02:14 Ziggurat
03:37 Halls of the Dead
04:27 Ziggurat
05:16 Ziggurat
06:44 Slaughterhouse
08:15 Black Citadel
11:14 Slaughterhouse
12:53 Ziggurat
12:55 Ziggurat
» items
| Rod of Necromancy | 6 | |
| Scroll of Town Portal | 2 | |
| Potion of Healing | 3 | |
| Orb of Corruption | 1 | |
| Scroll of Healing | 1 | |
13 total
team 2 (loser)

»
HarunoSakura (
purple | 99 APM | 1926 actions | 19:27)
4 Demon Hunter
2 Mana Burn
2 Evasion
» actions
| Assign group hotkey | 87 | |
| Basic commands | 32 | |
| Build / train | 63 | |
| ESC pressed | 4 | |
| Enter build submenu | 24 | |
| Enter hero's abilities submenu | 4 | |
| Give item / drop item | 1 | |
| Remove unit from queue | 1 | |
| Right click | 961 | |
| Select / deselect | 202 | |
| Select group hotkey | 455 | |
| Use ability | 92 | |
1926 total
» units
| Wisp | 29 | |
| Huntress | 4 | |
| Faerie Dragon | 3 | |
| Chimaera | 10 | |
| Peon | 3 | |
49 total
» upgrades
| Backpack | 0 | |
| Corrosive Breath | 1 | |
1 total
» buildings
| Altar of Elders | 1 | |
| Moon Well | 6 | |
| Ancient of Wonders | 1 | |
| Hunter's Hall | 1 | |
| Ancient of War | 1 | |
| Tree of Ages | 1 | |
| Ancient Protector | 3 | |
| Tree of Eternity | 1 | |
| Tree of Life | 2 | |
| Ancient of Wind | 1 | |
| Chimaera Roost | 3 | |
| Watch Tower | 1 | |
22 total
» build order
00:07 Altar of Elders
00:18 Moon Well
01:15 Ancient of Wonders
01:53 Hunter's Hall
02:17 Ancient of War
02:19 Moon Well
03:20 Tree of Ages
03:56 Ancient Protector
05:42 Tree of Eternity
06:06 Tree of Life
06:13 Tree of Life
07:14 Moon Well
08:15 Ancient of Wind
09:45 Chimaera Roost
09:46 Chimaera Roost
10:30 Chimaera Roost
11:21 Moon Well
12:33 Moon Well
15:59 Ancient Protector
16:01 Ancient Protector
16:10 Moon Well
17:23 Watch Tower
» items
| Orb of Venom | 1 | |
| Scroll of Town Portal | 2 | |
| Anti-magic Potion | 2 | |
5 total

»
MR.RAPE (
blue | 83 APM | 1619 actions | 19:37)
3 Priestess of the Moon
2 Searing Arrows
1 Trueshot Aura
1 Keeper of the Grove
1 Entangling Roots
» actions
| Assign group hotkey | 24 | |
| Basic commands | 25 | |
| Build / train | 61 | |
| ESC pressed | 4 | |
| Enter build submenu | 21 | |
| Enter hero's abilities submenu | 4 | |
| Right click | 840 | |
| Select / deselect | 258 | |
| Select group hotkey | 339 | |
| Use ability | 43 | |
1619 total
» units
| Wisp | 27 | |
| Huntress | 11 | |
| Dryad | 7 | |
| Hippogryph | 4 | |
49 total
» upgrades
| Upgrade Moon Glaive | 1 | |
| Abolish Magic | 1 | |
| Well Spring | 1 | |
| Strength of the Moon | 1 | |
4 total
» buildings
| Moon Well | 6 | |
| Altar of Elders | 1 | |
| Hunter's Hall | 1 | |
| Ancient of War | 2 | |
| Ancient of Wonders | 1 | |
| Tree of Ages | 1 | |
| Tree of Life | 4 | |
| Tree of Eternity | 1 | |
| Ancient of Wind | 1 | |
| Chimaera Roost | 2 | |
| Ancient of Lore | 2 | |
22 total
» build order
00:10 Moon Well
00:18 Altar of Elders
01:56 Hunter's Hall
01:59 Ancient of War
02:00 Ancient of War
02:24 Moon Well
02:26 Moon Well
03:10 Ancient of Wonders
05:29 Moon Well
05:30 Moon Well
05:30 Moon Well
06:10 Tree of Ages
07:30 Tree of Life
08:47 Tree of Life
10:29 Tree of Eternity
11:26 Ancient of Wind
13:11 Chimaera Roost
13:31 Chimaera Roost
14:00 Ancient of Lore
14:01 Ancient of Lore
15:14 Tree of Life
15:21 Tree of Life
OhHeSoPringles (
red | 111 APM | 2163 actions | 19:34)
4 Death Knight
2 Death Coil
2 Unholy Aura
2 Lich
1 Frost Nova
1 Frost Armor
1 Dreadlord
1 Sleep
» actions
| Assign group hotkey | 30 | |
| Basic commands | 86 | |
| Build / train | 58 | |
| ESC pressed | 2 | |
| Enter build submenu | 16 | |
| Enter hero's abilities submenu | 7 | |
| Give item / drop item | 3 | |
| Right click | 883 | |
| Select / deselect | 535 | |
| Select group hotkey | 478 | |
| Use ability | 65 | |
2163 total
» units
| Acolyte | 3 | |
| Ghoul | 3 | |
| Crypt Fiend | 8 | |
| Frost Wyrm | 9 | |
23 total
» upgrades
| Creature Attack | 3 | |
| Burrow | 1 | |
| Web | 1 | |
| Creature Carapace | 2 | |
7 total
» buildings
| Crypt | 1 | |
| Graveyard | 1 | |
| Altar of Darkness | 1 | |
| Ziggurat | 8 | |
| Tomb of Relics | 1 | |
| Nerubian Tower | 4 | |
| Halls of the Dead | 4 | |
| Spirit Tower | 1 | |
| Black Citadel | 1 | |
| Sacrificial Pit | 1 | |
| Boneyard | 2 | |
25 total
» build order
00:09 Crypt
00:24 Graveyard
00:39 Altar of Darkness
00:55 Ziggurat
01:24 Tomb of Relics
01:52 Nerubian Tower
01:53 Nerubian Tower
01:53 Nerubian Tower
02:10 Ziggurat
04:19 Halls of the Dead
04:19 Halls of the Dead
04:19 Halls of the Dead
04:39 Ziggurat
05:08 Spirit Tower
06:47 Ziggurat
07:21 Black Citadel
08:55 Ziggurat
08:58 Sacrificial Pit
10:41 Boneyard
11:41 Boneyard
12:47 Ziggurat
18:01 Ziggurat
18:04 Ziggurat
» items
| Rod of Necromancy | 3 | |
| Dust of Appearance | 1 | |
| Scroll of Town Portal | 2 | |
| Orb of Corruption | 1 | |
| Potion of Healing | 1 | |
8 total

»
TALONSARElMBA (
pink | 145 APM | 2426 actions | 16:41)
3 Far Seer
2 Feral Spirit
1 Chain Lighting
2 Shadow Hunter
1 Hex
1 Serpent Ward
» actions
| Assign group hotkey | 80 | |
| Basic commands | 50 | |
| Build / train | 54 | |
| Enter build submenu | 16 | |
| Enter hero's abilities submenu | 5 | |
| Right click | 1068 | |
| Select / deselect | 414 | |
| Select group hotkey | 639 | |
| Use ability | 100 | |
2426 total
» units
| Peon | 7 | |
| Grunt | 9 | |
| Raider | 5 | |
| Spirit Walker | 6 | |
27 total
» upgrades
| Berserker Strength | 1 | |
| Ensnare | 1 | |
| Berserker Upgrade | 1 | |
| Reinforced Defenses | 1 | |
| War Drums Damage Increase | 1 | |
| Spirit Walker Training | 1 | |
6 total
» buildings
| Altar of Storms | 1 | |
| Orc Burrow | 4 | |
| Barracks | 1 | |
| Voodoo Lounge | 3 | |
| Stronghold | 3 | |
| Spirit Lodge | 1 | |
| Beastiary | 1 | |
| Fortress | 1 | |
| War Mill | 1 | |
16 total
» build order
00:04 Altar of Storms
00:16 Orc Burrow
00:38 Barracks
01:25 Orc Burrow
01:51 Voodoo Lounge
02:06 Voodoo Lounge
03:12 Stronghold
03:12 Stronghold
03:41 Orc Burrow
06:03 Spirit Lodge
06:06 Beastiary
06:31 Orc Burrow
08:03 Fortress
11:30 War Mill
14:03 Voodoo Lounge
» items
| Healing Salve | 5 | |
| Lesser Clarity Potion | 2 | |
| Potion of Healing | 1 | |
| Scroll of Speed | 1 | |
| Scroll of Town Portal | 1 | |
10 total
Chat log
(00:07 / All) AQUAFLEX: gl hf
(00:11 / Allies) MR_ASTON_MARTIN: KNIFE NOOBELF
(00:18 / All) costa_rica: haha
(00:19 / All) MR_ASTON_MARTIN: knife did u paly last game?
(00:22 / All) AQUAFLEX: i knew it was him with the aoe harass
(00:25 / Allies) ErPf3000: mas!!!!!
(00:25 / All) TALONSARElMBA: shut up nerds
(00:29 / All) costa_rica: u dont have my gosu friend euroviosions
(00:30 / All) MR_ASTON_MARTIN: ROFL
(00:32 / All) HarunoSakura: what?
(00:33 / All) costa_rica: ANYMORREEEEE
(00:43 / All) HarunoSakura: i just logged on
(00:44 / All) OhHeSoPringles: you dont even know what eurovision is
(00:45 / All) TALONSARElMBA: ive' had sex with over 500 white women
(00:45 / All) OhHeSoPringles: Idiot
(01:59 / All) OhHeSoPringles: im pro in 3 games
(02:04 / All) OhHeSoPringles: u play 4's at and pick UD
(02:06 / All) OhHeSoPringles: :|
(02:16 / All) MR_ASTON_MARTIN: human
(02:19 / All) MR_ASTON_MARTIN: is easiest race
(02:21 / All) MR_ASTON_MARTIN: u pick human
(02:37 / All) AQUAFLEX: steroids happen
(02:52 / All) OhHeSoPringles: ur so funny
(03:12 / All) OhHeSoPringles: wow accidentlaly tped
(03:14 / All) OhHeSoPringles: to my base
(04:17 / All) OhHeSoPringles: did a hero just fall
(05:07 / All) MR_ASTON_MARTIN: tp my ass
(05:50 / Allies) ErPf3000: fs
(06:40 / Allies) ErPf3000: whre!!!!
(06:42 / Allies) ErPf3000: g0!
(07:25 / Allies) ErPf3000: unti
(08:13 / All) OhHeSoPringles: u guys need to micro
(08:19 / All) costa_rica: we are not from usa
(08:27 / All) costa_rica: i have lots of lag man
(08:37 / All) MR_ASTON_MARTIN: u guys need to stfu
(08:38 / All) MR_ASTON_MARTIN: already
(08:41 / All) AQUAFLEX: we
(08:42 / All) AQUAFLEX: are
(08:46 / All) AQUAFLEX: we are VR
(08:47 / All) MR_ASTON_MARTIN: and stop talkign shit liek alst game and embarass urself
(08:52 / All) AQUAFLEX: VR TROOPERS
(10:04 / All) HarunoSakura: thought my hunts health was mine XD
(10:37 / Allies) costa_rica: go there
(11:10 / All) HarunoSakura: yikes
(12:15 / All) costa_rica: rape micro somerthing man p[lz
(14:52 / All) MR_ASTON_MARTIN: red
(14:54 / All) MR_ASTON_MARTIN: learn to play?
(15:05 / All) MR_ASTON_MARTIN: learn to not suck?
(16:45 / All) AQUAFLEX: gg
(17:20 / All) costa_rica: lols
(17:27 / All) costa_rica: some bners with no micro just owned u
(17:28 / All) costa_rica: hehehe
(17:41 / All) AQUAFLEX: im a noob
(19:21 / All) costa_rica: guys
(19:26 / All) costa_rica: its 2 v 4
(19:37 / All) costa_rica: gg